 Dungeon Crawl Stone Soup version 0.28-a0-1199-gef9e1dbd39 (webtiles) character file.

Game seed: 9796134932258941543

130 enile the Ducker (level 5, -8/42 HPs)
             Began as a Merfolk Gladiator on Dec 20, 2021.
             Was a High Priest of Ignis.
             Mangled by an ogre (22 damage)
             ... on level 4 of the Dungeon.
             The game lasted 00:03:40 (3053 turns).

enile the Ducker (Merfolk Gladiator)                Turns: 3053, Time: 00:03:40

Health: -8/42      AC: 14    Str: 16    XL:     5   Next: 14%
Magic:  5/5        EV: 11    Int:  7    God:    Ignis [*****.]
Gold:   150        SH:  0    Dex: 16    Spells: 4/4 levels left

rFire   + . .      SeeInvis +   m - +1 dagger (venom)
rCold   . . .      Faith    .   (no shield)
rNeg    . . .      Spirit   .   f - +0 scale mail
rPois   .          Reflect  .   c - +0 helmet
rElec   .          Harm     .   (no cloak)
rCorr   .          Rampage  .   (no gloves)
Will    .....                   (no boots)
Stlth   ..........              (no amulet)
HPRegen 0.14/turn               n - ring of see invisible
MPRegen 0.09/turn               (no ring)

@: fiery-armoured
A: (nimble swimmer 2), mertail
a: Renounce Religion, Fiery Armour, Foxfire Swarm, Rising Flame


You were on level 4 of the Dungeon.
You worshipped Ignis.
Ignis was extremely pleased with you.
You visited 1 branch of the dungeon, and saw 4 of its levels.

You collected 150 gold pieces.

Inventory:

Hand Weapons
 a - a +0 trident
 g - a +0 short sword of holy wrath
 m - a +1 dagger of venom (weapon)
Missiles
 d - 3 throwing nets (quivered)
Armour
 b - a +0 leather armour
 c - a +0 helmet (worn)
 f - a +0 scale mail (worn)
Jewellery
 n - a ring of see invisible (left hand)
Scrolls
 e - 7 scrolls of identify {unknown}
 h - a scroll of fear {unknown}
 k - 4 scrolls of immolation {unknown}
 l - a scroll of teleportation {unknown}
Potions
 i - a potion of curing {unknown}
 j - a potion of haste {unknown}


   Skills:
 - Level 4.0 Fighting
 - Level 2.0 Short Blades
 - Level 5.0 Polearms
 - Level 2.0 Throwing
 + Level 5.3 Dodging


You had 4 spell levels left.
You didn't know any spells.
Your spell library contained the following spells:

 Spells                   Type           Power      Damage    Failure   Level
 Conjure Flame            Conj/Fire      0%         6-21      99%         3
 Frozen Ramparts          Ice            0%         1d2       99%         3
 Ignite Poison            Fire/Tmut/Pois 0%         N/A       99%         3
 Ice Form                 Ice/Tmut       0%         N/A       100%        4
 Sticky Flame             Conj/Fire      0%         2d3       100%        4
 Summon Ice Beast         Ice/Summ       0%         N/A       100%        4


Dungeon Overview and Level Annotations

Branches:
Dungeon (4/15)
 Temple: D:4-7

Altars:
Ignis


Innate Abilities, Weirdness & Mutations

((You are quick and stealthy near water. (Stealth+, EV+, Speed+++)))
Your lower body shifts to a powerful aquatic tail in water.


Message History

The hound skeleton bites you.
You hit the hound skeleton.
The hound skeleton is severely damaged.
The hound skeleton barely misses you.
You hit the hound skeleton.
The hound skeleton is almost destroyed.
The hound skeleton closely misses you.
You hit the hound skeleton.
You destroy the hound skeleton!
No target in view!
No target in view!
No target in view!
A hobgoblin comes into view.
A hobgoblin is nearby!
A hobgoblin is nearby!
The ogre shouts!
The hobgoblin barely misses you.
You hit the hobgoblin.
The hobgoblin is moderately wounded.
The hobgoblin hits you but does no damage.
You hit the hobgoblin but do no damage.
The hobgoblin is poisoned.
The hobgoblin is moderately wounded.
The hobgoblin hits you but does no damage.
You hit the hobgoblin.
You kill the hobgoblin!
You hit the ogre but do no damage.
The ogre is poisoned.
The ogre hits you with a +0 giant spiked club!!
Ouch! That really hurt!
* * * LOW HITPOINT WARNING * * *
You are too injured to fight recklessly!
You are too injured to fight recklessly!
An ogre is nearby!
You see here 9 stones.
A protective cloak of flame settles atop you.
The ogre barely misses you.
You hit the ogre.
The ogre looks even sicker.
The ogre is heavily wounded.
The ogre hits you with a +0 giant spiked club!!
Ouch! That really hurt!
You die...

# ##...# ....#. ###. ###....####
♣♣..... #.. #.......#.## ......
♣.♣ #.###......# ♣♣.... ♣♣♣.♣♣♣
#...#....... .....#♣♣PP.PP♣♣
#.......[..# .....♣♣PP...PP♣♣###
#.........##
.....♣♣P.....P♣♣..####........##
##......(⌠....O@...##.......##
#/..♣♣P.....P♣♣.....#.......#
##...♣♣PP...PP♣♣..#.......)..#
[...##♣♣PP.PP♣♣...#....#....##
.?....♣♣♣♣.♣♣♣♣......####...#
.......# ♣.♣♣........# ##..###
.....### #......#....# ##.<.#
.....# ####.###...... #..##
...#.. #....# ##...... #.##


You could see an ogre (very poisoned).

Vanquished Creatures
  A hound skeleton (D:4)
  A gnoll (D:1)
  3 adders
  2 worms
  2 dart slugs
  An orc (D:3)
  6 ball pythons
  7 bats
  3 endoplasms
  6 goblins
  10 hobgoblins
  4 jackals (D:1)
  10 kobolds
  4 quokkas
  2 frilled lizards (D:2)
  5 rats
67 creatures vanquished.

Notes
Turn   | Place    | Note
-------+----------+-------------------------------------------
     0 | D:1      | enile the Merfolk Gladiator began the quest for the Orb.
     0 | D:1      | Reached XP level 1. HP: 16/16 MP: 1/1
   144 | D:1      | Reached XP level 2. HP: 24/24 MP: 2/2
   177 | D:1      | Found a faded altar of an unknown god.
   217 | D:1      | Prayed at the altar of an unknown god.
   217 | D:1      | Became a worshipper of Ignis, the Dying Flame
   407 | D:1      | Reached skill level 5 in Polearms
   501 | D:1      | Reached XP level 3. HP: 26/29 MP: 3/3
   792 | D:2      | Reached skill level 5 in Dodging
   931 | D:2      | Reached XP level 4. HP: 28/35 MP: 4/4
  2330 | D:3      | Reached skill level 1 in Short Blades
  2963 | D:4      | Reached XP level 5. HP: 42/42 MP: 5/5
  3031 | D:4      | Noticed an ogre
  3053 | D:4      | Mangled by an ogre

Illustrated notes

Levels and vault maps discovered:
D:1:      dpeg_arrival_rhombi, layout_rooms,
          shapermc_ecumenical_altar_mp_highgroup, serial_aquarium,
          aquarium_bridge_square [aquarium_subvault_wall,
          aquarium_subvault_window, aquarium_subvault_bridge,
          aquarium_subvault_bridge], aquarium_window_fake, aquarium_window_1,
          aquarium_view_2b, aquarium_balcony_3b, aquarium_pool_corner,
          minmay_heptomino_h4
D:2:      layout_basic
D:3:      layout_loops_cross
D:4:      layout_cave_pools, minmay_temple_entry_mini_moons, serial_forest,
          infiniplex_forest_straight_4, infiniplex_forest_pool,
          infiniplex_forest_lined_3, infiniplex_forest_straight_4,
          infiniplex_forest_fountain, infiniplex_forest_end_double,
          infiniplex_forest_straight_2

Skill      XL: |  1  2  3  4 |
---------------+-------------+-----
Fighting       | 3 4 |  4.0
Polearms       | 5 |  5.0
Dodging        | 5 |  5.3
Short Blades   | 2 |  2.0
Throwing       | |  2.0

Action                   |  1- 3 |  4- 6 || total
-------------------------+-------+-------++-------
Melee: Trident           |    96 |    31 ||   127
       Dagger            |       |    94 ||    94
Invok: Fiery Armour      |       |     1 ||     1
Armor: Leather armour    |     2 |       ||     2
       Scale mail        |    31 |    43 ||    74
Dodge: Dodged            |    33 |    58 ||    91

Table legend: (Time is in decaauts)
 A = Elapsed time spent in this place.
 B = Non-inter-level travel time spent in this place.
 C = Inter-level travel time spent in this place.
 D = Time resting spent in this place.
 E = Time spent auto-exploring this place.
 F = Levels seen in this place.
 G = Mean time per level.
                   A        B        C        D        E       F      G
               +--------+--------+--------+--------+--------+-----+--------+
         Total |   3054 |   2981 |     73 |      0 |   2496 |   4 |  763.5 |
       Dungeon |   3054 |   2981 |     73 |      0 |   2496 |   4 |  763.5 |
               +--------+--------+--------+--------+--------+-----+--------+

Top non-repeatable levels by time:
     D:2: 1207 daAuts
     D:3: 964 daAuts
     D:1: 783 daAuts
     D:4: 99 daAuts
